 Dungeon Crawl Stone Soup version 0.18.1-8-gdd0e5ea (webtiles) character file.

71 Mysteryquy the Skirmisher (level 4, 0/41 HPs)
             Began as a Minotaur Fighter on May 26, 2016.
             Succumbed to an adder's poison
             ... on level 2 of the Dungeon on May 27, 2016.
             The game lasted 00:02:02 (737 turns).

Mysteryquy the Skirmisher (Minotaur Fighter)         Turns: 737, Time: 00:02:02

Health: 0/41       AC:  9    Str: 21    XL:     4   Next: 5%
Magic:  3/3        EV:  9    Int:  5    God:
Gold:   89         SH:  7    Dex: 12    Spells: 0 memorised, 3 levels left

rFire  . . .     SeeInvis .     a - +0 war axe
rCold  . . .     Gourm    .     b - +0 scale mail
rNeg   . . .     Faith    .     p - +2 buckler
rPois  .         Spirit   .     (helmet restricted)
rElec  .         Dismiss  .     (no cloak)
rCorr  .         Reflect  .     (no gloves)
SustAt .         Harm     .     (no boots)
MR     +....                    (no amulet)
Stlth  ..........               (no ring)
                                (no ring)

@: lethally poisoned (0 -> -4), exhausted, slowed, very slow, somewhat resistant
to hostile enchantments, extremely unstealthy
A: retaliatory headbutt, horns 2, yellow scales 1, agile 1, magic resistance 1
a: no special abilities


You were on level 2 of the Dungeon.
You were not hungry.

You visited 1 branch of the dungeon, and saw 2 of its levels.

You collected 89 gold pieces.

Inventory:

Hand Weapons
 a - a +0 war axe (weapon)
Armour
 b - a +0 scale mail (worn)
 c - a +0 shield
 p - a +2 buckler (worn)
Scrolls
 e - 2 scrolls of identify {unknown}
 g - 2 scrolls of fog {unknown}
 i - a scroll of fear {unknown}
 j - a scroll of enchant armour {unknown}
 q - a scroll of remove curse {unknown}
 r - a scroll of magic mapping {unknown}
 u - a scroll of random uselessness {unknown}
Potions
 d - 2 potions of might
 h - a potion of curing {unknown}
 k - 3 potions of berserk rage
 l - a potion of mutation
 m - a potion of degeneration {unknown}
 n - a potion of brilliance {unknown}
 s - a potion of invisibility {unknown}
Comestibles
 f - 3 bread rations
 o - a slice of pizza
 t - a meat ration


   Skills:
 + Level 4.3 Fighting
 + Level 3.2 Axes
 + Level 4.2 Armour
 + Level 0.4 Dodging
 + Level 4.2 Shields


You had 3 spell levels left.
You didn't know any spells.

Dungeon Overview and Level Annotations

Branches:
Dungeon (2/15)

Altars:
Zin

Shops:
D:2 *


Innate Abilities, Weirdness & Mutations

You reflexively headbutt those who attack you in melee.
You have a pair of horns on your head.
You are partially covered in yellow scales (AC +2).
You are agile. (Dex +2)
You are resistant to hostile enchantments.


Message History

A red film seems to cover your vision as you go berserk!
You feel yourself moving faster!
You feel mighty!
* * * LOW HITPOINT WARNING * * *
You feel sick. You block the adder's attack.
You are too berserk!
You hit the adder.
You kill the adder!
You have reached level 4!
You feel agile.
* * * LOW HITPOINT WARNING * * *
You feel sick.
You feel a strong urge to attack something.
* * * LOW HITPOINT WARNING * * *
You feel sick.
You feel your anger subside.
You are no longer berserk.
You are exhausted.
You feel yourself slow down.
* * * LOW HITPOINT WARNING * * *
You feel sick.
You die...

############# #.....#.....##
.............##
...!..........#
..............#
............†.# #######
..............####...##.
......†@................
....$.†......###...∩.... #####
#.....#%......##........
#...###
#############.###.....#.
###...## #.##..#_#...
#.#..####### ###.##.##⌠##..
#..#.......## #.......###...
##.#######..#####...........#.
#..## ##.....#......##...^.


There were no monsters in sight!

Vanquished Creatures
  4 adders (D:2)
  2 dart slugs
  A bat (D:1)
  2 giant cockroaches (D:2)
  6 goblins
  3 hobgoblins
  A quokka (D:2)
  A ball python (D:1)
  3 giant newts
  4 kobolds
  5 rats
32 creatures vanquished.

Notes
Turn   | Place    | Note
--------------------------------------------------------------
     0 | D:1      | Mysteryquy the Minotaur Fighter began the quest for the Orb.
     0 | D:1      | Reached XP level 1. HP: 19/19 MP: 0/0
   158 | D:1      | Reached XP level 2. HP: 27/27 MP: 1/1
   541 | D:2      | Reached XP level 3. HP: 28/33 MP: 2/2
   687 | D:2      | Found Zin's Purification Station.
   693 | D:2      | Found a glowing silver altar of Zin.
   729 | D:2      | Gained mutation: You are partially covered in yellow scales (AC +2). [potion of mutation]
   729 | D:2      | Gained mutation: You are resistant to hostile enchantments. [potion of mutation]
   729 | D:2      | Gained mutation: You are agile. (Dex +2) [potion of mutation]
   731 | D:2      | Reached XP level 4. HP: 4/41 MP: 3/3
   732 | D:2      | HP: 3/61 [poisoned by an adder]
   736 | D:2      | HP: 1/41 [poisoned by an adder]
   737 | D:2      | Succumbed to an adder's poison

Skill      XL: |  1  2  3 |
---------------+----------+-----
Armour         | 4 |  4.2
Shields        | 4 |  4.2
Fighting       | 4 |  4.3
Axes           | 3 |  3.2
Dodging        | |  0.4

Action                   |  1- 3 |  4- 6 || total
-------------------------+-------+-------++-------
Melee: War axe           |    78 |       ||    78
       Headbutt          |     8 |       ||     8
  Use: Potion            |     2 |       ||     2
Armor: Scale mail        |    31 |       ||    31
Dodge: Dodged            |    34 |       ||    34
Block: Shield            |    17 |       ||    17
       Buckler           |    14 |       ||    14
